 Dungeon Crawl Stone Soup version 0.31-a0-208-gdb31a4691d (webtiles) character file.

Game seed: 17855879989267408363

16870 Hubris850 the Basher (level 12, -5/141 HPs)
             Began as a Minotaur Fighter on June 28, 2023.
             Was a Priest of Kikubaaqudgha.
             Slain by a swamp worm (6 damage)
             ... in a Gauntlet.
             The game lasted 00:25:22 (9491 turns).

Hubris850 the Basher (Minotaur Fighter)             Turns: 9491, Time: 00:25:22

Health: -5/141     AC: 18    Str: 30    XL:     12   Next: 13%
Magic:  21/21      EV: 10    Int:  7    God:    Kikubaaqudgha [***...]
Gold:   425        SH: 10    Dex: 16    Spells: 16/25 levels left

rFire   . . .        u - +10 mace of Exquisite Torment {flame, Str+6}
rCold   . . .        c - +0 buckler
rNeg    + . .        d - +8 chain mail "Zonahir" {rElec Will+}
rPois   .            D - +1 hat {Stlth+}
rElec   +            (no cloak)
rCorr   .            (no gloves)
SInv    .            (no boots)
Will    +....        z - amulet of reflection Stlth
                     n - ring of positive energy
HPRegen 0.43/turn    p - +6 ring of dexterity
MPRegen 0.17/turn

%: no teleportation, reflection
@: berserking, studying Maces & Flails, very quick
A: horns 2, retaliatory headbutt
a: Renounce Religion, Unearth Wretches


You were in a Gauntlet.
You worshipped Kikubaaqudgha.
Kikubaaqudgha was most pleased with you.
You visited 3 branches of the dungeon, and saw 12 of its levels.
You also visited: Gauntlet.

You collected 445 gold pieces.
You spent 20 gold pieces at shops.

Inventory:

Hand Weapons
 a - a +0 war axe
 h - the +7 whip "Woocsot" {pain, Int+3}
   (You found it on level 2 of the Dungeon)

   Int:       It affects your intelligence (+3).
 u - the +10 mace of Exquisite Torment (weapon) {flame, Str+6}
   (You found it on level 6 of the Dungeon)

   Str:       It affects your strength (+6).
 C - a +5 war axe
 E - a +0 halberd of distortion
 I - a +1 scimitar of flaming
Missiles
 f - 17 poisoned darts (quivered)
 q - 4 javelins
 J - 2 atropa-tipped darts
Armour
 b - a +0 scale mail
 c - a +0 buckler (worn)
 d - the +8 chain mail "Zonahir" (worn) {rElec Will+}
   (You found it on level 2 of the Dungeon)

   rElec:     It insulates you from electricity.
   Will:      It increases your willpower.
 r - a +0 kite shield
 D - a +1 hat of stealth (worn)
 G - the +0 leather armour "Jekeyx" {rPois rN+ Will+++ Dex-5}
   (You found it on level 8 of the Dungeon)

   Dex:       It affects your dexterity (-5).
   rPois:     It protects you from poison.
   rN:        It protects you from negative energy.
   Will:      It greatly increases your willpower.
Jewellery
 n - a ring of positive energy (left hand)
 p - a +6 ring of dexterity (right hand)
 s - a ring of fire
 z - an amulet of reflection (around neck)
 Q - a ring of ice
Wands
 t - a wand of quicksilver (12)
 x - a wand of iceblast (12)
 F - a wand of digging (7)
 K - a wand of mindburst (11)
 L - a wand of flame (17)
Scrolls
 e - 2 scrolls of fog
 j - 4 scrolls of amnesia
 m - a scroll of identify
 o - 4 scrolls of poison
 w - a scroll of vulnerability
 y - 6 scrolls of teleportation
Potions
 g - 2 potions of magic
 i - 2 potions of cancellation
 k - 3 potions of mutation
 l - 3 potions of curing
 v - a potion of lignification
 B - a potion of berserk rage
 N - a potion of enlightenment {unknown}
 O - a potion of resistance {unknown}
 P - a potion of heal wounds {unknown}
 R - a potion of haste


   Skills:
 - Level 5.0 Fighting
 - Level 2.4(9.3) Axes
 - Level 13.8(14.0) Maces & Flails
 - Level 5.1 Armour
 - Level 3.0 Dodging
 - Level 5.0 Shields
 + Level 7.2 Spellcasting
 + Level 9.6 Necromancy
 - Level 3.0 Earth Magic


You had 16 spell levels left.
You knew the following spells:

 Your Spells              Type           Power      Damage    Failure   Level
a - Borgnjor's Vile Clut  Necr/Erth      5%         N/A       91%         5
b - Dispel Undead         Necr           16%        3d10      19%         4

Your spell library contained the following spells:

 Spells                   Type           Power      Damage    Failure   Level
 Necrotise                Necr           64%        1d7       1%          1
 Sublimation of Blood     Necr           16%        N/A       3%          2
 Vampiric Draining        Necr           16%        2d7       6%          3
 Kiss of Death            Conj/Necr      36%        2d8       14%         1
 Cigotuvi's Dreadful Rot  Necr/Pois/Air  14%        N/A       38%         2
 Agony                    Necr           16%        N/A       47%         5
 Anguish                  Hex/Necr       4%         N/A       80%         4
 Blink                    Tloc           4%         N/A       83%         2
 Lesser Beckoning         Tloc           4%         N/A       83%         2
 Momentum Strike          Conj/Tloc      4%         3d8       83%         2
 Poisonous Vapours        Pois/Air       4%         N/A       83%         2
 Petrify                  Tmut/Erth      4%         N/A       99%         4
 Irradiate                Conj/Tmut      1%         3d12      100%        5
 Chain Lightning          Conj/Air       1%         3d1       100%        9


Dungeon Overview and Level Annotations

Branches:
Dungeon (9/15)             Temple (1/1) D:4            Lair (2/5) D:9
Gauntlet (1/1)
  Swamp: Lair:2-3    Shoals: Lair:2-3     Snake: Lair:2-3    Spider: Lair:2-3
    Orc: D:9-12

Altars:
Ashenzari
Dithmenos
Elyvilon
Fedhas
Gozag
Hepliaklqana
Kikubaaqudgha
Makhleb
Nemelex Xobeh
Okawaru
Qazlal
Ru
Sif Muna
Trog
Uskayaw
Vehumet
Wu Jian
Xom
Yredelemnul
Zin
The Shining One

Shops:
D:2 *   D:8 =

Annotations:
Gauntlet 5 transporters


Innate Abilities, Weirdness & Mutations

You have a pair of horns on your head.
You reflexively headbutt those who attack you in melee.


Message History

The tyrant leech is almost dead.
The swamp worm bites you!
* * * LOW HITPOINT WARNING * * *
The swamp worm bites you but does no damage.
You block the swamp worm's attack. You block the tyrant leech's attack.
Unknown command.
You sock the tyrant leech! You burn the tyrant leech.
You kill the tyrant leech!
Kikubaaqudgha accepts your kill.
The swamp worm bites you but does no damage.
The swamp worm bites you.
* * * LOW HITPOINT WARNING * * *
The swamp worm bites you but does no damage.
A red film seems to cover your vision as you go berserk!
You feel yourself moving faster!
You feel mighty! The swamp worm bites you.
* * * LOW HITPOINT WARNING * * *
The swamp worm bites you.
* * * LOW HITPOINT WARNING * * *
You block the swamp worm's attack.
You closely miss the swamp worm. The swamp worm barely misses you.
The swamp worm bites you!
* * * LOW HITPOINT WARNING * * *
You block the swamp worm's attack.
Unknown command.
Unknown command.
Unknown command.
You sock the swamp worm! You burn the swamp worm.
The swamp worm is heavily wounded.
You barely miss the swamp worm. Your headbutt misses the swamp worm.
The swamp worm is heavily wounded.
The swamp worm bites you but does no damage.
You block the swamp worm's attack. x2
You bludgeon the swamp worm!! You burn the swamp worm!
You kill the swamp worm!
Kikubaaqudgha accepts your kill.
You hit the swamp worm. You burn the swamp worm.
The swamp worm is severely wounded.
The swamp worm bites you.
You die...
Kikubaaqudgha rasps: "You have failed me!
Welcome... death!"

#######...#....©....#...###
#.©.#.....###########.....#
#.8.#...8....#.©.#....8...#
#.©.#........#...#........#
########.....#.©.#.....####
.....55#...#########...#...
.....#^#...#.......#...#...
#...##.#...#.#w.##.#...#.
##^##.p#...#..w@# .#...
.©.5.5#.8.#.###.^.#.8.
###^5#...#.###^..#... .
##.#...#.###...#...
....#.#...#.=(©.:.#...
)©.[5.#...#########...
#######...............
........8.....8.....8.
.8...............


You could see 2 swamp worms.

Vanquished Creatures
  Gastronok (D:8)
  Erica (D:8)
  8 death yaks
  4 cane toads
  A black mamba (Lair:1)
  A torpor snail (Gauntlet)
  3 komodo dragons
  A tyrant leech (Gauntlet)
  A troll (D:9)
  9 blink frogs
  Sigmund (D:2)
  4 yaks (D:9)
  A wraith (D:6)
  2 wyverns
  A redback (Lair:2)
  2 basilisks
  3 steam dragons
  2 swamp worms (Gauntlet)
  6 water moccasins
  4 orc warriors
  A sky beast (D:7)
  An ice beast (D:5)
  2 black bears
  2 ogres
  3 centaurs
  A kobold brigand (D:7)
  8 bullfrogs
  3 scorpions
  A gnoll sergeant (D:6)
  5 wights (D:8)
  3 howler monkeys
  A crimson imp (D:7)
  6 hounds
  A gnoll bouda (D:8)
  4 orc priests
  2 jellies
  3 orc wizards
  Terence (D:2)
  7 iguanas
  2 hell rats (D:9)
  13 gnolls
  6 adders
  A river rat (D:9)
  2 white imps
  4 dart slugs
  21 orcs
  11 ball pythons
  13 bats
  6 endoplasms
  4 giant cockroaches
  4 hobgoblins
  3 jackals (D:2)
  2 quokkas (D:5)
  A frilled lizard (D:3)
  6 goblins
  8 kobolds
  9 rats
227 creatures vanquished.

Notes
Turn   | Place    | Note
-------+----------+-------------------------------------------
     0 | D:1      | Hubris850 the Minotaur Fighter began the quest for the Orb.
     0 | D:1      | Reached XP level 1. HP: 19/19 MP: 0/0
   211 | D:1      | Reached XP level 2. HP: 27/27 MP: 1/1
   408 | D:1      | Reached skill level 1 in Dodging
   617 | D:1      | Reached XP level 3. HP: 33/33 MP: 2/2
  1001 | D:2      | Noticed Terence
  1008 | D:2      | Killed Terence
  1043 | D:2      | Found Jiahoill's General Store.
  1047 | D:2      | Reached XP level 4. HP: 35/40 MP: 3/3
  1075 | D:2      | Bought a scroll of identify for 20 gold pieces
  1078 | D:2      | Noticed Sigmund
  1085 | D:2      | Killed Sigmund
  1086 | D:2      | Reached skill level 5 in Armour
  1086 | D:2      | Reached XP level 5. HP: 35/47 MP: 4/4
  1203 | D:2      | Reached skill level 5 in Shields
  1215 | D:2      | Reached skill level 5 in Fighting
  1302 | D:2      | Identified the +8 chain mail "Zonahir" {rElec Will+}
  1494 | D:2      | Identified the +7 whip "Woocsot" {pain, Int+3}
  1623 | D:3      | Reached XP level 6. HP: 56/56 MP: 5/5
  1726 | D:3      | Reached skill level 1 in Maces & Flails
  2240 | D:4      | Found a staircase to the Ecumenical Temple.
  2272 | Temple   | Entered the Ecumenical Temple
  2383 | D:4      | Found a sacrificial altar of Ru.
  2456 | D:4      | Found a stormy altar of Qazlal.
  2456 | D:4      | Found a blossoming altar of Fedhas.
  2485 | D:4      | Reached skill level 2 in Maces & Flails
  2485 | D:4      | Reached skill level 1 in Necromancy
  2497 | D:4      | Found a white marble altar of Elyvilon.
  2576 | D:4      | Found an ancient bone altar of Kikubaaqudgha.
  2600 | D:4      | Reached skill level 3 in Maces & Flails
  2600 | D:4      | Reached XP level 7. HP: 55/61 MP: 6/6
  2612 | D:4      | Became a worshipper of Kikubaaqudgha
  2815 | D:5      | Entered Level 5 of the Dungeon
  2832 | D:5      | Reached skill level 4 in Maces & Flails
  3023 | D:5      | Reached skill level 5 in Maces & Flails
  3349 | D:5      | Reached skill level 6 in Maces & Flails
  3349 | D:5      | Reached XP level 8. HP: 40/68 MP: 7/7
  3503 | D:6      | Identified the +10 mace of Exquisite Torment {flame, Str+6}
  3700 | D:6      | Reached skill level 7 in Maces & Flails
  3809 | D:6      | Reached * piety under Kikubaaqudgha
  3809 | D:6      | Received a gift from Kikubaaqudgha
  3841 | D:6      | Found a glowing silver altar of Zin.
  3958 | D:6      | Reached skill level 8 in Maces & Flails
  3958 | D:6      | Reached skill level 5 in Necromancy
  4334 | D:7      | Reached XP level 9. HP: 49/74 MP: 8/8
  4442 | D:7      | Found a radiant altar of Vehumet.
  4533 | D:7      | Reached skill level 9 in Maces & Flails
  4533 | D:7      | Reached skill level 1 in Spellcasting
  4729 | D:7      | Found an iron altar of Okawaru.
  4788 | D:7      | Reached skill level 10 in Maces & Flails
  4803 | D:7      | Found a shadowy altar of Dithmenos.
  4903 | D:7      | Found a bloodstained altar of Trog.
  5101 | D:7      | Found a burning altar of Makhleb.
  5191 | D:8      | Got the Precepts of the Lofty Morgue
  5285 | D:8      | Noticed Gastronok
  5298 | D:8      | Killed Gastronok
  5299 | D:8      | Reached skill level 12 in Maces & Flails
  5299 | D:8      | Reached XP level 10. HP: 78/81 MP: 11/14
  5386 | D:8      | Found Taeptaeh's Jewellery Shop.
  5392 | D:8      | Reached ** piety under Kikubaaqudgha
  5753 | D:8      | Found a shimmering altar of Xom.
  5765 | D:8      | Identified the +0 leather armour "Jekeyx" {rPois rN+
                  | Will+++ Dex-5}
  5777 | D:8      | Noticed Erica
  5793 | D:8      | Killed Erica
  6312 | D:9      | Reached skill level 13 in Maces & Flails
  6594 | D:9      | Learned a level 5 spell: Borgnjor's Vile Clutch
  6641 | D:9      | Found a broken altar of Ashenzari.
  6777 | D:9      | Noticed a death yak
  6777 | D:9      | Noticed a death yak
  6815 | D:9      | Killed a death yak
  6816 | D:9      | Reached skill level 1 in Earth Magic
  6889 | D:9      | Noticed a death yak
  6908 | D:9      | Killed a death yak
  6909 | D:9      | Reached XP level 11. HP: 52/86 MP: 17/17
  6918 | D:9      | Killed a death yak
  6919 | D:9      | Reached skill level 5 in Spellcasting
  7125 | D:9      | Found a staircase to the Lair.
  7463 | Lair:1   | Entered Level 1 of the Lair of Beasts
  7516 | Lair:1   | Reached *** piety under Kikubaaqudgha
  7516 | Lair:1   | Received a gift from Kikubaaqudgha
  7523 | Lair:1   | Learned a level 4 spell: Dispel Undead
  9170 | Lair:2   | Found a gate leading to a gauntlet.
  9179 | Gauntlet | Entered a Gauntlet
  9179 | Gauntlet | Found a transporter.
  9180 | Gauntlet | Noticed a death yak
  9186 | Gauntlet | Found a transporter.
  9189 | Gauntlet | Noticed a death yak
  9191 | Gauntlet | Noticed a death yak
  9192 | Gauntlet | Noticed a death yak
  9193 | Gauntlet | Found a transporter.
  9193 | Gauntlet | Noticed a death yak
  9195 | Gauntlet | Found a transporter.
  9198 | Gauntlet | Found a transporter.
  9199 | Gauntlet | Found a transporter.
  9201 | Gauntlet | Noticed a wizard
  9208 | Gauntlet | Noticed a wizard
  9212 | Gauntlet | Found a transporter.
  9214 | Gauntlet | Found a transporter.
  9249 | Gauntlet | Noticed a sixfirhy
  9249 | Gauntlet | Noticed a sixfirhy
  9265 | Gauntlet | Killed a death yak
  9273 | Gauntlet | Killed a death yak
  9274 | Gauntlet | Killed a death yak
  9275 | Gauntlet | Reached XP level 12. HP: 75/94 MP: 19/21
  9277 | Gauntlet | Killed a death yak
  9280 | Gauntlet | Killed a death yak
  9487 | Gauntlet | HP: 1/141 [swamp worm (8)]
  9491 | Gauntlet | Slain by a swamp worm

Illustrated notes

Levels and vault maps discovered:
D:1:      dpeg_arrival_simpleton_a, layout_basic, patterned_corridor
D:2:      layout_rooms, serial_shops, nicolae_shop_trees, uniq_terence,
          uniq_sigmund
D:3:      layout_basic
D:4:      layout_rooms, nicolae_ru_sacrificial_ziggurat,
          mainiacjoe_overflow_chevrons, mainiacjoe_overflow_boulevard,
          grunt_temple_overflow_forces_of_nature, minmay_temple_entry_arrows
D:5:      layout_basic
D:6:      layout_rooms, zin_academy, minmay_misc_feat_cross, roderic_batcave,
          minmay_manual_mullet
D:7:      layout_loops_ring, mainiacjoe_overflow_surrounded_room,
          nicolae_vehumet_altar_sigil, mainiacjoe_overflow_swirl,
          makhleb_grotto_becter
D:8:      layout_loops_corners, lemuel_tele_altar, serial_shops,
          nicolae_shop_gaudy_bauble, nrook_mini_backslash, uniq_gastronok,
          uniq_erica
D:9:      layout_gridville, lemuel_doored_altar, dpeg_lair_monsters,
          serial_glass, glass_columns_a, glass_columns_c, nrook_loot_triangle
Temple:   nicolae_temple_ecumenical_triangle
Lair:1:   layout_cellular_growth
Lair:2:   layout_roguey, spider_nest_entry_webs, gauntlet_entry_generic,
          portal_ice_cave_demonic_guard
Gauntlet: minmay_gauntlet_mixed_oops_all_seconds
          [minmay_gauntlet_arena_77_tiled_triplets,
          gammafunk_gauntlet_arena_hedges, minmay_gauntlet_arena_77_two_paths,
          gammafunk_gauntlet_arena_split_x,
          minmay_gauntlet_arena_77_block_sizes, gammafunk_gauntlet_arena_teeth,
          gauntlet_exit_watery]

Skill      XL: |  1  2  3  4  5  6  7  8  9 10 11 12 |
---------------+-------------------------------------+-----
Dodging        | 1 2 3 |  3.0
Shields        | 4 5 |  5.0
Armour         | 4 5 |  5.1
Fighting       | 4 5 |  5.0
Maces & Flails | 3 6 8 12 13 | 13.8
Necromancy     | 2 3 5 6 7 9 |  9.6
Spellcasting   | 3 4 6 7 |  7.2
Earth Magic    | 2 3 |  3.0
Axes           | |  2.4

Action                     |  1- 3 |  4- 6 |  7- 9 | 10-12 || total
---------------------------+-------+-------+-------+-------++-------
  Melee: War axe           |    65 |    30 |       |       ||    95
         Headbutt          |     8 |    12 |    27 |    53 ||   100
         Whip              |       |    66 |    60 |       ||   126
         Mace              |       |       |   122 |   257 ||   379
  Throw: Dart              |       |       |     6 |     1 ||     7
         Javelin           |       |       |     1 |       ||     1
  Evoke: Wand              |       |       |       |     2 ||     2
    Use: Scroll            |       |     2 |     6 |     7 ||    15
         Potion            |       |     2 |       |     3 ||     5
   Stab: Invisible         |       |       |       |     1 ||     1
 Armour: Scale mail        |    28 |    10 |       |       ||    38
         Chain mail        |       |    34 |    81 |    82 ||   197
  Dodge: Dodged            |    33 |    40 |    59 |    68 ||   200
  Block: Buckler           |    20 |    23 |    39 |    86 ||   168
         Reflection        |       |       |       |     4 ||     4

Table legend: (Time is in decaauts)
 A = Elapsed time spent in this place.
 B = Non-inter-level travel time spent in this place.
 C = Inter-level travel time spent in this place.
 D = Time resting spent in this place.
 E = Time spent auto-exploring this place.
 F = Levels seen in this place.
 G = Mean time per level.
                   A        B        C        D        E       F      G
               +--------+--------+--------+--------+--------+-----+--------+
         Total |   9462 |   9222 |    240 |    651 |   6805 |  13 |  727.8 |
       Dungeon |   7391 |   7162 |    229 |    429 |   5510 |   9 |  821.2 |
        Temple |     70 |     70 |      0 |      0 |      0 |   1 |   70.0 |
          Lair |   1691 |   1681 |     10 |     40 |   1295 |   2 |  845.5 |
      Gauntlet |    308 |    308 |      0 |    182 |      0 |   1 |  308.0 |
               +--------+--------+--------+--------+--------+-----+--------+

Top non-repeatable levels by time:
  Lair:1: 1398 daAuts
     D:9: 1185 daAuts
     D:8: 1077 daAuts
     D:1: 1015 daAuts
     D:6: 914 daAuts
     D:7: 837 daAuts
     D:3: 624 daAuts
     D:5: 613 daAuts
     D:4: 572 daAuts
     D:2: 551 daAuts
Gauntlet: 308 daAuts
  Lair:2: 292 daAuts
  Temple: 70 daAuts
